Map: Nightscape LE

Players

Eohdorr

  • Race: Protoss Protoss
  • Spawn Location: 7:00

WindWard

  • Race: Terran Terran
  • League: Gold
  • Spawn Location: 1:00

TheDragon

  • Race: Terran Terran
  • Spawn Location: 7:00

snackerS

  • Race: Protoss Protoss
  • League: Master
  • Spawn Location: 1:00

VOD

Have the link to the VOD?

Description

WA Turny

Time

  • Played on: Jan. 29, 2021, 9:03 p.m.
  • Length: 10:35
Show
View Real Time Build Order
Export as new Build Order

Eohdorr Protoss 

Build Orders: Forge Fast Expand (FFE) 

Get SALT Encoding   

  12  0:01  Probe  
  13  0:13  Probe  
  14  0:18  Pylon  
  14  0:30  Probe (Chrono Boost)  
  15  0:37  Forge  
  15  0:42  Probe (Chrono Boost)  
  16  0:49  Probe (Chrono Boost)  
  17  0:56  Probe  
  18  1:05  Pylon  
  17  1:30  Probe  
  18  1:42  Nexus, Probe  
  19  1:50  Pylon  
  19  1:54  Probe (Chrono Boost), Assimilator  
  19  1:58  Pylon  
  19  1:59  Assimilator  
  20  2:06  Probe (Chrono Boost)  
  21  2:17  Photon Cannon  
  21  2:18  Photon Cannon  
  21  2:23  Photon Cannon  
  21  2:35  Probe  
  22  2:39  Photon Cannon  
  22  2:47  Probe  
  23  2:55  Probe  
  24  2:58  Pylon  
  24  2:59  Probe  
  25  3:07  Probe (Chrono Boost)  
  25  3:08  Gateway  
  25  3:11  Probe (Chrono Boost)  
  27  3:19  Gateway  
  28  3:20  Probe (Chrono Boost)  
  28  3:22  Gateway, Probe (Chrono Boost)  
  28  3:24  Gateway  
  28  3:25  Pylon  
  28  3:26  Probe (Chrono Boost)  
  30  3:52  Probe (Chrono Boost)  
  30  3:55  Probe (Chrono Boost)  
  32  3:56  Cybernetics Core  
  32  3:59  Pylon  
  32  4:02  Probe (Chrono Boost)  
  34  4:05  Probe (Chrono Boost)  
  34  4:07  Probe (Chrono Boost), Assimilator  
  34  4:11  Assimilator  
  34  4:15  Probe  
  35  4:18  Probe  
  36  4:29  Warp Gate (Chrono Boost)  
  36  4:39  Nexus  
  36  4:42  Probe x2  
  38  4:48  Pylon  
  38  4:51  Gateway  
  38  4:54  Probe (Chrono Boost)  
  40  5:00  Probe (Chrono Boost)  
  40  5:04  Probe (Chrono Boost)  
  42  5:08  Probe (Chrono Boost)  
  42  5:11  Stalker x3  
  48  5:16  Pylon  
  48  5:17  Pylon  
  48  5:18  Pylon  
  48  5:31  Probe  
  49  5:41  Probe  
  50  5:49  Photon Cannon  
  50  5:55  Probe x3  
  53  6:03  Stalker x2, Sentry  
  59  6:04  Stalker  
  59  6:05  Sentry  
  59  6:07  Probe x3  
  66  6:18  Robotics Facility  
  66  6:23  Probe x2  
  66  6:24  Probe  
  69  6:26  Stalker x2  
  69  6:27  Stalker  
  69  6:29  Zealot  
  69  6:30  Zealot  
  79  6:35  Probe x2  
  79  6:36  Probe  
  79  6:37  Twilight Council  
  79  6:38  Pylon  
  82  6:51  Shield Battery  
  82  6:53  Stalker x2  
  82  6:54  Stalker x2  
  90  7:00  Probe x2  
  90  7:01  Probe  
  93  7:02  Assimilator  
  93  7:10  Observer  
  93  7:14  Stalker  
  96  7:16  Probe x2  
  96  7:17  Probe  
  96  7:21  Assimilator  
  99  7:28  Probe  
  99  7:29  Probe x2  
  102  7:31  Observer  
  102  7:33  Stalker x2  
  102  7:34  Stalker, Sentry  
  109  7:47  Probe  
  104  7:59  Nexus  
  88  8:10  Stalker x5  
  88  8:26  Blink (Chrono Boost)  
  86  8:34  Probe x3  
  89  8:37  Stalker x2  
  89  8:38  Stalker x3  
  99  8:46  Probe x3  
  100  8:58  Probe  
  94  9:07  Zealot x3  
  94  9:08  Zealot x2  
  98  9:29  Gateway  
  98  9:30  Gateway  
  98  9:31  Pylon  
  98  9:32  Pylon x2  
  98  9:33  Stalker x3, Gateway  
  98  9:34  Stalker x2  
  98  9:37  Probe x4  
  112  9:45  Assimilator  
  112  9:48  Assimilator  
  112  9:49  Probe x4  
  116  9:57  Zealot  
  116  9:58  Zealot x4  
  126  10:01  Probe  
  126  10:04  Pylon  
  113  10:19  Zealot x4  
  113  10:20  Zealot  
Show
View Real Time Build Order
Export as new Build Order

WindWard Terran 

Build Orders:  

Get SALT Encoding   

  12  0:01  SCV  
  13  0:15  SCV  
  13  0:17  Supply Depot  
  14  0:27  SCV  
  15  0:39  Barracks  
  15  0:45  SCV  
  17  0:57  SCV  
  17  1:11  SCV  
  18  1:25  SCV  
  18  1:28  Refinery  
  19  1:38  Command Center  
  19  1:46  Orbital Command  
  19  1:49  Marine  
  20  2:14  Barracks Reactor  
  20  2:18  SCV  
  21  2:26  Barracks  
  21  2:36  SCV  
  22  3:00  SCV, Orbital Command  
  23  3:09  Factory  
  23  3:12  SCV  
  24  3:16  Barracks  
  24  3:17  Barracks Tech Lab  
  23  3:24  SCV  
  24  3:32  Marine x2  
  26  3:36  SCV  
  26  3:38  Refinery  
  26  3:40  Marine  
  28  3:42  Stimpack  
  28  3:47  Engineering Bay  
  28  3:48  Engineering Bay  
  28  3:50  Marine x2  
  28  3:52  SCV x2  
  32  3:56  Factory Tech Lab  
  32  4:04  SCV x2  
  32  4:05  Barracks Reactor  
  32  4:06  Marine  
  32  4:08  Marine x2  
  37  4:18  SCV  
  38  4:35  Refinery  
  38  4:52  Starport  
  38  5:05  Terran Infantry Weapons Level 1  
  38  5:22  Terran Infantry Armor Level 1  
  38  5:35  Refinery  
  38  5:54  Starport Reactor  
  38  6:01  Barracks  
  38  6:27  Barracks  
  38  6:39  Command Center  
  38  6:46  Armory  
  38  6:52  Barracks Reactor  
  38  6:58  Barracks  
  38  7:05  SCV  
  38  7:15  Barracks Reactor, Barracks  
  38  7:17  Combat Shield  
  38  7:29  Supply Depot  
  38  7:30  Supply Depot x2  
  38  7:32  Supply Depot  
  38  7:36  Terran Infantry Weapons Level 2  
  38  7:37  Terran Infantry Armor Level 2  
  38  7:38  Supply Depot  
  38  7:39  Supply Depot  
  38  7:50  Marine x7, Liberator, Medivac, SCV  
  38  7:51  SCV, Siege Tank  
  55  7:53  Supply Depot x2  
  55  7:57  Orbital Command  
  55  8:01  Marine x2  
  55  8:03  SCV x2, Supply Depot  
  59  8:08  Marine x7  
  66  8:15  SCV  
  66  8:19  Marine x2, Barracks Reactor  
  61  8:20  Medivac, Barracks Reactor  
  61  8:26  Marine x7, Supply Depot  
  71  8:27  SCV  
  71  8:30  SCV x2  
  74  8:37  Marine  
  74  8:39  SCV  
  76  8:42  SCV x2  
  76  8:43  Siege Tank  
  76  8:44  Marine  
  76  8:45  Medivac  
  84  8:51  SCV  
  85  8:57  SCV x2  
  87  9:03  SCV  
  87  9:05  Marine  
  87  9:06  Marine x3  
  87  9:09  SCV x2  
  94  9:11  Armory  
  94  9:12  Armory  
  94  9:14  Marine x3  
  94  9:15  Marine x2, Siege Tank  
  102  9:36  SCV x3  
  105  9:47  Supply Depot x2  
  105  9:48  SCV x3, Supply Depot  
  105  9:50  Supply Depot  
  108  9:55  Marine x5  
  108  9:56  Siege Tank  
  108  9:57  Medivac  
  118  10:00  SCV x2  
  120  10:16  Marine x4  
  120  10:17  Marine x2  
Show
View Real Time Build Order
Export as new Build Order

TheDragon Terran 

Build Orders:  

Get SALT Encoding   

  12  0:01  SCV  
  13  0:17  Supply Depot  
  13  0:19  SCV  
  14  0:34  SCV  
  15  0:42  Barracks  
  15  0:47  Engineering Bay  
  15  0:52  SCV  
  16  1:41  Refinery  
  16  1:42  SCV  
  16  1:44  Marine  
  18  1:52  Refinery  
  19  1:54  SCV  
  19  2:02  Marine  
  19  2:06  SCV  
  21  2:14  Supply Depot  
  21  2:18  SCV  
  21  2:19  Marine  
  23  2:36  Supply Depot  
  23  2:37  Marine  
  24  2:50  Terran Infantry Weapons Level 1  
  24  2:53  SCV  
  24  2:55  Marine  
  26  3:05  SCV  
  26  3:40  Barracks  
  26  3:41  Marine  
  25  3:57  SCV  
  27  4:09  SCV  
  27  4:12  Barracks Reactor  
  27  4:15  Barracks  
  27  4:21  SCV  
  28  4:28  Barracks Tech Lab  
  28  4:34  Factory  
  28  4:44  SCV  
  29  4:48  Terran Infantry Armor Level 1, Command Center  
  29  4:49  Marauder  
  29  4:51  Combat Shield  
  29  4:52  Marine x2  
  33  5:07  Supply Depot  
  33  5:08  Barracks Reactor  
  33  5:10  Marine x2  
  33  5:11  Marauder  
  34  5:28  Marine x2  
  35  5:32  Marauder  
  38  5:42  Starport, Orbital Command  
  38  5:45  Marine  
  38  5:46  Marine  
  40  5:52  Widow Mine  
  40  5:54  Marauder  
  44  5:57  Engineering Bay  
  44  6:07  SCV  
  44  6:09  Concussive Shells  
  44  6:10  Refinery  
  45  6:14  Marine x2  
  45  6:15  Marauder  
  49  6:19  SCV  
  49  6:22  Medivac  
  52  6:31  SCV  
  53  6:32  Refinery  
  53  6:36  Marauder  
  55  6:48  SCV  
  56  6:58  Armory  
  56  7:00  SCV  
  56  7:01  Starport Reactor  
  57  7:03  Marine x2, Marauder  
  61  7:13  SCV  
  62  7:22  Supply Depot  
  62  7:28  Marine x2, Marauder, SCV  
  67  7:40  SCV  
  68  7:44  Medivac x2  
  68  7:47  Terran Infantry Weapons Level 2  
  68  7:48  Terran Infantry Armor Level 2  
  72  7:52  SCV  
  73  8:04  SCV  
  64  8:26  Marine  
  59  8:27  Marine  
  59  8:28  Marine x2  
  59  8:30  Marauder  
  63  8:44  Marine x2  
  63  8:45  Marine  
  63  8:46  Marine  
  54  9:02  Marine x2  
  55  9:03  Marine  
  55  9:04  Marine  
  54  9:20  Marine x2  
  54  9:21  Marine x2  
  58  9:28  Medivac  
  60  9:32  Supply Depot  
  60  9:38  Barracks  
  60  9:39  Marine x2  
  62  9:57  Marine x2  
  64  10:14  Marine  
  64  10:15  Marine  
  42  10:34  Barracks Reactor  
Show
View Real Time Build Order
Export as new Build Order

snackerS Protoss 

Build Orders: Nexus First 

Get SALT Encoding   

  12  0:00  Probe  
  13  0:13  Pylon  
  13  0:19  Probe  
  14  0:38  Probe  
  15  0:54  Nexus  
  15  0:57  Probe  
  16  1:09  Gateway  
  16  1:12  Probe  
  17  1:24  Probe  
  18  1:29  Assimilator  
  18  1:41  Probe  
  19  1:56  Nexus  
  19  1:59  Probe  
  20  2:13  Cybernetics Core  
  21  2:15  Probe  
  21  2:16  Probe  
  22  2:43  Probe x2 (Chrono Boost)  
  23  2:55  Probe x2 (Chrono Boost)  
  23  2:56  Warp Gate (Chrono Boost)  
  25  3:03  Gateway, Probe (Chrono Boost)  
  25  3:05  Probe (Chrono Boost)  
  26  3:06  Pylon  
  26  3:10  Probe  
  26  3:11  Probe  
  29  3:18  Stalker (Chrono Boost)  
  31  3:21  Probe  
  30  3:35  Probe x2  
  32  3:46  Stalker (Chrono Boost), Probe (Chrono Boost)  
  35  3:49  Stalker  
  35  3:51  Probe (Chrono Boost)  
  35  3:52  Probe (Chrono Boost)  
  38  3:58  Probe (Chrono Boost)  
  40  4:03  Probe x2 (Chrono Boost)  
  40  4:04  Probe (Chrono Boost)  
  42  4:11  Probe  
  42  4:14  Twilight Council  
  42  4:15  Stalker  
  42  4:16  Probe (Chrono Boost)  
  47  4:17  Probe (Chrono Boost)  
  48  4:28  Probe x2 (Chrono Boost)  
  48  4:31  Probe (Chrono Boost)  
  50  4:37  Zealot, Probe x2 (Chrono Boost)  
  55  4:39  Probe (Chrono Boost)  
  55  4:46  Gateway, Probe  
  55  4:47  Probe  
  55  4:48  Gateway, Probe  
  58  4:59  Pylon x2, Probe x2  
  60  5:00  Probe  
  60  5:02  Pylon  
  61  5:17  Probe x3  
  61  5:18  Zealot x2  
  68  5:22  Gateway  
  68  5:25  Gateway  
  68  5:29  Probe x3  
  68  5:31  Gateway  
  68  5:34  Gateway  
  71  5:41  Probe x3  
  71  5:42  Forge  
  74  5:43  Forge  
  74  5:55  Charge (Chrono Boost)  
  74  5:58  Zealot x3  
  74  6:04  Nexus, Zealot  
  80  6:06  Pylon  
  80  6:08  Pylon  
  80  6:09  Probe x3  
  85  6:13  Pylon  
  85  6:17  Nexus  
  85  6:21  Pylon  
  85  6:24  Probe  
  85  6:25  Zealot x3  
  88  6:31  Probe x2  
  94  6:34  Zealot x2  
  94  6:35  Zealot x2  
  102  6:40  Zealot  
  102  6:43  Probe x3  
  102  6:46  Assimilator  
  107  6:47  Zealot x2  
  107  6:49  Zealot  
  107  6:50  Assimilator  
  107  6:53  Protoss Ground Armor Level 1 (Chrono Boost), Protoss Ground Weapons Level 1 (Chrono Boost)  
  113  6:59  Zealot x2  
  117  7:10  Pylon  
  117  7:15  Pylon  
  117  7:23  Zealot x4  
  117  7:24  Zealot x3  
  117  7:28  Gateway  
  131  7:30  Gateway  
  131  7:33  Zealot  
  131  7:34  Pylon  
  133  7:37  Pylon  
  133  7:39  Probe x4  
  133  7:40  Probe  
  138  7:45  Gateway  
  138  7:46  Gateway  
  138  7:47  Zealot x2  
  138  7:48  Gateway  
  143  7:51  Probe x3  
  145  8:03  Zealot x2  
  145  8:04  Zealot x4  
  99  8:24  Zealot x4  
  99  8:25  Zealot x3  
  103  8:31  Gateway  
  103  8:32  Gateway  
  101  8:34  Gateway  
  101  8:37  Gateway  
  101  8:40  Zealot x2  
  105  8:46  Zealot  
  105  8:47  Zealot x6  
  105  8:48  Zealot x2  
  117  9:01  Zealot x2  
  111  9:08  Probe x3  
  110  9:11  Zealot x2  
  110  9:12  Zealot x6  
  110  9:13  Zealot  
  124  9:26  Gateway  
  124  9:27  Gateway, Probe x3  
  124  9:28  Probe x2  
  124  9:31  Gateway  
  129  9:33  Templar Archives, Zealot x6  
  129  9:34  Zealot x5  
  129  9:35  Zealot  
  153  9:39  Probe  
  153  9:41  Zealot x3  
  160  9:52  Gateway  
  160  9:54  Zealot x5  
  160  9:56  Zealot x3  
  172  10:20  Nexus  
  168  10:22  Pylon  
  168  10:26  Pylon  
  168  10:33  Zealot  
  168  10:34  Nexus, Zealot x4  
Tags
 
Add a new tag
Caveats
  • Supply blocks, unpowered buildings, or Contaminate may cause inaccurate times.
  • Supply counts are checked every 10 seconds.